3AAA
SIOUX FALLS RED PANDAS @ SANTA BARBARA GOLDEN CRANES
07/28/2025
 
TOP OF THE 1ST
Sioux Falls Red Pandas batting - Pitching for Santa Barbara Golden Cranes : RHP Jason Troughton
Pitching: RHP Jason Troughton
Batting: RHB Emílio Ortíz 0-0: Ball
1-0: Ground out 6-3 (Groundball, 6)
Batting: RHB Jesús Vásquez 0-0: Ground out 6-3 (Groundball, 6)
Batting: LHB Armando Becerra 0-0: Ball
1-0: Ball
2-0: Called Strike
2-1: Ground out 4-3 (Groundball, 34)
Top of the 1st over - 0 run(s), 0 hit(s), 0 error(s), 0 left on base; Sioux Falls 0 - Santa Barbara 0
BOTTOM OF THE 1ST
Santa Barbara Golden Cranes batting - Pitching for Sioux Falls Red Pandas : RHP Raúl Gálvez
Pitching: RHP Raúl Gálvez
Batting: LHB Job Pels 0-0: Ball
1-0: Ground out 4-3 (Groundball, 4)
Batting: RHB John Moss 0-0: Foul Ball, location: 2F
0-1: Ground out 6-3 (Groundball, 6)
Batting: LHB Sixto Álvarez 0-0: Ball
1-0: Foul Ball, location: 2F
1-1: Ball
2-1: Fly out, F7 (Flyball, 7LMF)
Bottom of the 1st over - 0 run(s), 0 hit(s), 0 error(s), 0 left on base; Sioux Falls 0 - Santa Barbara 0
TOP OF THE 2ND
Sioux Falls Red Pandas batting - Pitching for Santa Barbara Golden Cranes : RHP Jason Troughton
Batting: RHB Mario Pińa 0-0: Called Strike
0-1: Ball
1-1: Ground out 6-3 (Groundball, 6)
Batting: LHB Magali Lenidas 0-0: Fly out, F3 (Line Drive, 34)
Batting: RHB Eduardo Sánchez 0-0: Ball
1-0: Ball
2-0: Fly out, F4 (Popup, 34S)
Top of the 2nd over - 0 run(s), 0 hit(s), 0 error(s), 0 left on base; Sioux Falls 0 - Santa Barbara 0
BOTTOM OF THE 2ND
Santa Barbara Golden Cranes batting - Pitching for Sioux Falls Red Pandas : RHP Raúl Gálvez
Batting: RHB Logan Manning 0-0: SINGLE (Groundball, 4D)
Batting: RHB Rubén Campos 0-0: Ball
1-0: Ball
2-0: Ground out 4-3 (Groundball, 34)
Logan Manning to second
Batting: RHB Xavier Hernández 0-0: Ball
1-0: Ball
2-0: Ball
3-0: Base on Balls
Batting: RHB Salvador Noriega 0-0: Ball
1-0: Called Strike
1-1: Foul Ball, location: 2F
1-2: Foul Ball, location: 2F
1-2: Grounds into double play, 6-4-3 (Groundball, 6)
Bottom of the 2nd over - 0 run(s), 1 hit(s), 0 error(s), 1 left on base; Sioux Falls 0 - Santa Barbara 0
TOP OF THE 3RD
Sioux Falls Red Pandas batting - Pitching for Santa Barbara Golden Cranes : RHP Jason Troughton
Batting: SHB Tsing Guao 0-0: Called Strike
0-1: Fly out, F9 (Line Drive, 9)
Batting: SHB Landon Lovelace 0-0: Foul Ball, location: 2F
0-1: Ball
1-1: Swinging Strike
1-2: Ball
2-2: SINGLE (Groundball, 4D)
Batting: SHB Carroll Kline 0-0: Ball
1-0: Foul Ball, location: 2F
1-1: Called Strike
1-2: Fly out, F7 (Flyball, 7S)
Batting: RHB Emílio Ortíz 0-0: Ball
1-0: Ball
2-0: Swinging Strike
2-1: Ball
3-1: Base on Balls
Landon Lovelace to second
Batting: RHB Jesús Vásquez 0-0: Foul Ball, location: 2F
0-1: Swinging Strike
0-2: Foul Ball, location: 2F
0-2: Ball
1-2: Foul Ball, location: 2F
1-2: Ball
2-2: SINGLE (Line Drive, 89S)
Landon Lovelace to third
Emílio Ortíz to second
Runner from 3rd tries for Home, SAFE, no throw
Batting: LHB Armando Becerra 0-0: Fielders Choice at 2nd, 4-6 (Groundball, 4)
Top of the 3rd over - 1 run(s), 2 hit(s), 0 error(s), 1 left on base; Sioux Falls 1 - Santa Barbara 0
BOTTOM OF THE 3RD
Santa Barbara Golden Cranes batting - Pitching for Sioux Falls Red Pandas : RHP Raúl Gálvez
Pitching: RHP Horatio Leguizamo
Batting: RHB Pepe Castroneves 0-0: Ball
1-0: Foul Ball, location: 2F
1-1: Called Strike
1-2: Ball
2-2: Ground out 5-3 (Groundball, 56)
Batting: RHB Frank Grimes 0-0: Ground out 6-3 (Groundball, 6)
Batting: LHB Job Pels 0-0: SINGLE (Line Drive, 4D)
Batting: RHB John Moss 0-0: Called Strike
0-1: Ball
1-1: Swinging Strike
1-2: Ball
2-2: Fly out, F8 (Flyball, 8LM)
Bottom of the 3rd over - 0 run(s), 1 hit(s), 0 error(s), 1 left on base; Sioux Falls 1 - Santa Barbara 0
TOP OF THE 4TH
Sioux Falls Red Pandas batting - Pitching for Santa Barbara Golden Cranes : RHP Jason Troughton
Batting: RHB Mario Pińa 0-0: Ball
1-0: Ground out 4-3 (Groundball, 34D)
Batting: LHB Magali Lenidas 0-0: Hit by Pitch
Batting: RHB Eduardo Sánchez 0-0: Foul Ball, location: 2F
0-1: Ball
1-1: Foul Ball, location: 2F
1-2: Strikes out swinging
Batting: SHB Tsing Guao 0-0: Called Strike
0-1: Ball
1-1: Foul Ball, location: 2F
1-2: Strikes out looking
Top of the 4th over - 0 run(s), 0 hit(s), 0 error(s), 1 left on base; Sioux Falls 1 - Santa Barbara 0
BOTTOM OF THE 4TH
Santa Barbara Golden Cranes batting - Pitching for Sioux Falls Red Pandas : RHP Horatio Leguizamo
Batting: LHB Sixto Álvarez 0-0: Ball
1-0: Ball
2-0: Foul Ball, location: 2F
2-1: Ball
3-1: SINGLE (Groundball, 34D)
Batting: RHB Logan Manning 0-0: Called Strike
0-1: Ball
1-1: Fly out, F7 (Flyball, 7LMF)
Batting: RHB Rubén Campos 0-0: Ball
1-0: Ball
2-0: Ball
3-0: Swinging Strike
3-1: Called Strike
3-2: Strikes out looking
Batting: RHB Xavier Hernández 0-0: Ball
1-0: Ball
2-0: Called Strike
2-1: Foul Ball, location: 2F
2-2: Strikes out swinging
Bottom of the 4th over - 0 run(s), 1 hit(s), 0 error(s), 1 left on base; Sioux Falls 1 - Santa Barbara 0
TOP OF THE 5TH
Sioux Falls Red Pandas batting - Pitching for Santa Barbara Golden Cranes : RHP Jason Troughton
Batting: SHB Landon Lovelace 0-0: Ground out 6-3 (Groundball, 6M)
Batting: SHB Carroll Kline 0-0: Called Strike
0-1: Ball
1-1: Fly out, F7 (Flyball, 7LM)
Batting: RHB Emílio Ortíz 0-0: Called Strike
0-1: Ground out 5-3 (Groundball, 5S)
Top of the 5th over - 0 run(s), 0 hit(s), 0 error(s), 0 left on base; Sioux Falls 1 - Santa Barbara 0
BOTTOM OF THE 5TH
Santa Barbara Golden Cranes batting - Pitching for Sioux Falls Red Pandas : RHP Horatio Leguizamo
Pitching: RHP Guillermo Pérez
Batting: RHB Salvador Noriega 0-0: Swinging Strike
0-1: Ball
1-1: SINGLE (Line Drive, 9LM)
Batting: RHB Pepe Castroneves 0-0: Ball
1-0: Called Strike
1-1: Sac Bunt - play at first, batter safe!
Salvador Noriega to second
Batting: RHB Frank Grimes 0-0: Ball
1-0: Ball
2-0: Bunt missed!
2-1: Sac Bunt - play at first, batter OUT! 5-4
Salvador Noriega to third
Pepe Castroneves to second
Batting: LHB Job Pels 0-0: Foul Ball, location: 2F
0-1: Ball
1-1: Fly out, F9 (Flyball, 9)
Runner from 3rd tags up, SCORES, no throw
Batting: RHB John Moss 0-0: Ball
1-0: Called Strike
1-1: Foul Ball, location: 2F
1-2: Strikes out swinging
Bottom of the 5th over - 1 run(s), 2 hit(s), 0 error(s), 1 left on base; Sioux Falls 1 - Santa Barbara 1
TOP OF THE 6TH
Sioux Falls Red Pandas batting - Pitching for Santa Barbara Golden Cranes : RHP Jason Troughton
Batting: RHB Jesús Vásquez 0-0: Called Strike
0-1: Foul Ball, location: 2F
0-2: Ball
1-2: Fly out, F7 (Flyball, 7LSF)
Batting: LHB Armando Becerra 0-0: Called Strike
0-1: Ball
1-1: Foul Ball, location: 2F
1-2: Ground out 4-3 (Groundball, 4)
Batting: RHB Mario Pińa 0-0: Ball
1-0: Called Strike
1-1: DOUBLE (Line Drive, 9LD)
Batting: LHB Magali Lenidas 0-0: Ball
1-0: Ball
2-0: Called Strike
2-1: Foul Ball, location: 2F
2-2: Foul Ball, location: 2F
2-2: Strikes out swinging
Top of the 6th over - 0 run(s), 1 hit(s), 0 error(s), 1 left on base; Sioux Falls 1 - Santa Barbara 1
BOTTOM OF THE 6TH
Santa Barbara Golden Cranes batting - Pitching for Sioux Falls Red Pandas : RHP Guillermo Pérez
Batting: LHB Sixto Álvarez 0-0: Ball
1-0: Called Strike
1-1: Ball
2-1: Called Strike
2-2: Ball
3-2: Base on Balls
Batting: RHB Logan Manning 0-0: Called Strike
0-1: Foul Ball, location: 2F
0-2: Foul Ball, location: 2F
0-2: Grounds into double play, 4-6-3 (Groundball, 4)
Batting: RHB Rubén Campos 0-0: Ball
1-0: SINGLE (Line Drive, 6D)
Batting: RHB Xavier Hernández 0-0: Foul Ball, location: 2F
0-1: Ball
1-1: SINGLE (Groundball, 4MD)
Rubén Campos to second
Pitching: RHP Orlando Ángel
Batting: RHB Salvador Noriega 0-0: Ball
1-0: Foul Ball, location: 2F
1-1: Foul Ball, location: 2F
1-2: Ball
2-2: Ball
3-2: Foul Ball, location: 2F
3-2: Strikes out swinging
Bottom of the 6th over - 0 run(s), 2 hit(s), 0 error(s), 2 left on base; Sioux Falls 1 - Santa Barbara 1
TOP OF THE 7TH
Sioux Falls Red Pandas batting - Pitching for Santa Barbara Golden Cranes : RHP Jason Troughton
Batting: RHB Eduardo Sánchez 0-0: Ball
1-0: Ball
2-0: Ball
3-0: Called Strike
3-1: Called Strike
3-2: Foul Ball, location: 2F
3-2: Strikes out swinging
Batting: SHB Tsing Guao 0-0: Foul Ball, location: 2F
0-1: Ball
1-1: Swinging Strike
1-2: Ball
2-2: SINGLE (Line Drive, 6MD)
Pinch Hitting: LHB David Martínez 0-0: Foul Ball, location: 2F
0-1: Ball
1-1: Called Strike
1-2: Ball
2-2: Ball
3-2: SINGLE (Line Drive, 4MD)
Tsing Guao to second
Pinch Hitting: SHB Todd Hill 0-0: Ball
1-0: Ball
2-0: Ball
3-0: Called Strike
3-1: Foul Ball, location: 2F
3-2: SINGLE (Line Drive, 8RS)
Tsing Guao to third
David Martínez to second
Runner from 3rd tries for Home, throw and OUT!
Pinch Hitting: LHB Jim Unknown 0-0: Ball
1-0: Fielders Choice at 2nd, 4-6 (Groundball, 4)
Top of the 7th over - 0 run(s), 3 hit(s), 0 error(s), 1 left on base; Sioux Falls 1 - Santa Barbara 1
BOTTOM OF THE 7TH
Santa Barbara Golden Cranes batting - Pitching for Sioux Falls Red Pandas : RHP Orlando Ángel
Now in LF: Jim Unknown
Now in CF: Todd Hill
Now in RF: David Morales
Pinch Hitting: LHB Armando Villarreal 0-0: Ball
1-0: Swinging Strike
1-1: Swinging Strike
1-2: Strikes out looking
Batting: RHB Frank Grimes 0-0: Ball
1-0: Called Strike
1-1: SINGLE (Flyball, 4D)
Batting: LHB Job Pels 0-0: Called Strike
0-1: Ball
1-1: Ball
2-1: Ground out 4-3 (Groundball, 34)
Frank Grimes to second
Batting: RHB John Moss 0-0: Ball
1-0: Swinging Strike
1-1: Swinging Strike
1-2: Ball
2-2: Strikes out swinging
Bottom of the 7th over - 0 run(s), 1 hit(s), 0 error(s), 1 left on base; Sioux Falls 1 - Santa Barbara 1
TOP OF THE 8TH
Sioux Falls Red Pandas batting - Pitching for Santa Barbara Golden Cranes : RHP Jason Troughton
Now at SS: Armando Villarreal
Batting: RHB Jesús Vásquez 0-0: Called Strike
0-1: Ball
1-1: Ground out 5-3 (Groundball, 5L)
Batting: LHB Armando Becerra 0-0: Fly out, F4 (Line Drive, 34D)
Batting: RHB Mario Pińa 0-0: Called Strike
0-1: DOUBLE (Flyball, 7D)
Batting: LHB Magali Lenidas 0-0: DOUBLE (Line Drive, 9D)
Mario Pińa scores
Batting: RHB Eduardo Sánchez 0-0: Ball
1-0: Ground out 6-3 (Groundball, 6)
Top of the 8th over - 1 run(s), 2 hit(s), 0 error(s), 1 left on base; Sioux Falls 2 - Santa Barbara 1
BOTTOM OF THE 8TH
Santa Barbara Golden Cranes batting - Pitching for Sioux Falls Red Pandas : RHP Orlando Ángel
Pitching: LHP Rio Bavin
Batting: LHB Sixto Álvarez 0-0: Swinging Strike
0-1: Swinging Strike
0-2: Foul Ball, location: 2F
0-2: Ball
1-2: SOLO HOME RUN (Line Drive, 89XD), Distance : 393 ft
Batting: RHB Logan Manning 0-0: Called Strike
0-1: Ball
1-1: Foul Ball, location: 2F
1-2: Ground out 1-3 (Groundball, 15S)
Batting: RHB Rubén Campos 0-0: Called Strike
0-1: Ball
1-1: Ball
2-1: Foul Ball, location: 2F
2-2: Fly out, F8 (Flyball, 8RS)
Batting: RHB Xavier Hernández 0-0: Ball
1-0: Foul Ball, location: 2F
1-1: DOUBLE (Line Drive, 78D)
Batting: RHB Salvador Noriega 0-0: Ball
1-0: Called Strike
1-1: SINGLE (Line Drive, 9LS)
Xavier Hernández to third
Runner from 3rd tries for Home, SAFE, no throw
Pitching: RHP Isei Sugimoto
Batting: LHB Armando Villarreal 0-0: Ball
1-0: Ball
2-0: Ball
3-0: Called Strike
3-1: Foul Ball, location: 2F
3-2: Foul Ball, location: 2F
3-2: Foul Ball, location: 2F
3-2: Base on Balls
Salvador Noriega to second
Batting: RHB Frank Grimes 0-0: Ball
1-0: Ball
2-0: Called Strike
2-1: Ball
3-1: Foul Ball, location: 2F
3-2: SINGLE (Groundball, 15S) (infield hit)
Salvador Noriega to third
Armando Villarreal to second
Batting: LHB Job Pels 0-0: Ball
1-0: Called Strike
1-1: Foul Ball, location: 2F
1-2: Strikes out looking
Bottom of the 8th over - 2 run(s), 4 hit(s), 0 error(s), 3 left on base; Sioux Falls 2 - Santa Barbara 3
TOP OF THE 9TH
Sioux Falls Red Pandas batting - Pitching for Santa Barbara Golden Cranes : RHP Jason Troughton
Pitching: RHP Xavier Andrade
Now at 3B: Everette Jeffers
Now in LF: José Meléndez
Batting: SHB Tsing Guao 0-0: Ball
1-0: Ball
2-0: Ball
3-0: Called Strike
3-1: Foul Ball, location: 2F
3-2: Ground out 4-3 (Groundball, 4)
Batting: RHB David Morales 0-0: Ball
1-0: SINGLE (Groundball, 56D)
Batting: SHB Todd Hill 0-0: Called Strike
0-1: Ball
1-1: Called Strike
1-2: Foul Ball, location: 2F
1-2: Fielders Choice at 2nd, 3-6 (Groundball, 3)
Batting: LHB Jim Unknown 0-0: Ball
1-0: Fielders Choice at 2nd, 4-6 (Groundball, 4)
Top of the 9th over - 0 run(s), 1 hit(s), 0 error(s), 0 left on base; Sioux Falls 2 - Santa Barbara 3
Friday, December 30th, 2016 - OOTP Baseball 17.12 Build 75